 Dungeon Crawl Stone Soup version 0.30.1-1-g62c8e00024 (webtiles) character file.

Game seed: 17528669104794016341

12418 Inchmeat the Fighter (level 11, -1/117 HPs)
             Began as an Armataur Gladiator on July 18, 2023.
             Was a Believer of the Shining One.
             Slain by a freezing wraith (18 damage)
             ... on level 10 of the Dungeon.
             The game lasted 00:22:13 (12073 turns).

Inchmeat the Fighter (Armataur Gladiator)          Turns: 12073, Time: 00:22:13

Health: -1/117     AC: 13    Str: 23    XL:     11   Next: 62%
Magic:  16/16      EV:  9    Int:  9    God:    the Shining One [**....]
Gold:   641        SH:  0    Dex: 12    Spells: 10/10 levels left

rFire   + . .        P - +2 dire flail (freeze)
rCold   . . .        (shield currently unavailable)
rNeg    + . .        J - +3 ring mail of the Stone Wall {Slay+2}
rPois   .            c - +1 helmet
rElec   .            (no cloak)
rCorr   .            d - +2 pair of gloves
SInv    .            (no barding)
Will    +....        A - amulet of regeneration
Stlth   +            l - ring of protection from fire
HPRegen 1.19/turn    u - ring of willpower
MPRegen 0.15/turn

%: roll
@: slowed, glowing, very slow
A: large, rugged brown scales 3, deformed body, armoured tail, roll, long
tongue, awkward tongue
a: Renounce Religion, Divine Shield


You were on level 10 of the Dungeon.
You worshipped the Shining One.
The Shining One was pleased with you.
You visited 2 branches of the dungeon, and saw 12 of its levels.
You also visited: Sewer.

You collected 641 gold pieces.

Inventory:

Hand Weapons
 y - the +5 quarterstaff of the Mauling Salmon {freeze, Str+2 Int+4}
   (You found it on level 6 of the Dungeon)

   Str:       It affects your strength (+2).
   Int:       It affects your intelligence (+4).
 P - a +2 dire flail of freezing (weapon)
Missiles
 e - a javelin (quivered)
Armour
 c - a +1 helmet (worn)
 d - a +2 pair of gloves (worn)
 J - the +3 ring mail of the Stone Wall (worn) {Slay+2}
   (You found it on level 7 of the Dungeon)

   Slay:      It affects your accuracy & damage with ranged weapons and melee
   (+2).
Jewellery
 j - a ring of ice
 l - a ring of protection from fire (left hand)
 u - a ring of willpower (right hand)
 A - an amulet of regeneration (around neck)
Wands
 n - a wand of flame (20)
 q - a wand of roots (16)
 E - a wand of mindburst (5)
 L - a wand of acid (4)
Scrolls
 k - a scroll of immolation {unknown}
 o - 2 scrolls of blinking {unknown}
 r - 3 scrolls of noise {unknown}
 v - 2 scrolls of enchant armour
 w - a scroll of vulnerability {unknown}
 x - 2 scrolls of torment {unknown}
 B - 3 scrolls of identify
 C - 4 scrolls of teleportation {unknown}
 D - a scroll of fog {unknown}
 F - 2 scrolls of amnesia {unknown}
 G - a scroll of enchant weapon {unknown}
 I - 7 scrolls of fear {unknown}
 K - a scroll of silence {unknown}
Potions
 a - a potion of magic {unknown}
 b - a potion of heal wounds
 f - 2 potions of lignification
 g - 3 potions of degeneration
 h - a potion of might
 m - 3 potions of flight
 p - 2 potions of attraction
 s - a potion of ambrosia
 z - 4 potions of cancellation
 H - 4 potions of curing
 M - a potion of berserk rage
 N - a potion of mutation
 O - 2 potions of brilliance
 Q - a potion of resistance


   Skills:
 - Level 14.0 Fighting
 - Level 2.6 Long Blades
 * Level 7.8 Maces & Flails
 - Level 1.7 Throwing
 - Level 2.1 Dodging
 - Level 6.7 Invocations


You had 10 spell levels left.
You didn't know any spells.
Your spell library contained the following spells:

 Spells                   Type           Power      Damage    Failure   Level
 Apportation              Tloc           0%         N/A       54%         1
 Sublimation of Blood     Necr           0%         N/A       69%         2
 Ignite Poison            Fire/Tmut/Pois 0%         N/A       89%         3
 Inner Flame              Hex/Fire       0%         N/A       89%         3
 Portal Projectile        Hex/Tloc       0%         N/A       89%         3
 Tukima's Dance           Hex            0%         N/A       89%         3
 Flame Wave               Conj/Fire      0%         2d4       100%        4
 Petrify                  Tmut/Erth      0%         N/A       100%        4
 Sticky Flame             Conj/Fire      0%         2d3       100%        4
 Alistair's Intoxication  Tmut/Pois      0%         N/A       100%        5
 Blade Hands              Tmut           0%         N/A       100%        5
 Fireball                 Conj/Fire      0%         3d3       100%        5
 Irradiate                Conj/Tmut      0%         3d11      100%        5
 Iskenderun's Battlesphe  Conj           0%         2d6       100%        5
 Conjure Ball Lightning   Conj/Air       0%         3x3d6     100%        6
 Orb of Destruction       Conj           0%         9d5       100%        7
 Ignition                 Fire           0%         3d3       100%        8


Dungeon Overview and Level Annotations

Branches:
Dungeon (11/15)            Temple (1/1) D:5            Lair (0/5) D:9
    Orc (0/2) D:10          Sewer (visited)

Altars:
Ashenzari
Cheibriados
Dithmenos
Elyvilon
Fedhas
Gozag
Hepliaklqana
Kikubaaqudgha
Makhleb
Nemelex Xobeh
Okawaru
Qazlal
Ru
Sif Muna
Trog
Uskayaw
Vehumet
Wu Jian
Xom
Yredelemnul
Zin
The Shining One

Shops:
D:1 =   D:2 (   D:4 :   D:7 :(

Annotations:
D:7 1 runed translucent door


Innate Abilities, Weirdness & Mutations

You are completely covered in rugged brown scales. (AC +3, +7% HP)
Armour fits poorly on your strangely shaped body.
You have a long armoured tail.
You roll when moving toward enemies. (Rampage)
Your long tongue fully drains potion bottles. (2x potion effects)
Your tongue gives you trouble enunciating. (1.5x scroll delay)


Message History

The freezing wraith is moderately damaged.
The freezing wraith hits you! The freezing wraith freezes you!
The freezing wraith barely misses you.
You hit the freezing wraith.
The freezing wraith is moderately damaged.
The freezing wraith barely misses you.
The freezing wraith hits you but does no damage.
You sock the freezing wraith!
The freezing wraith is heavily damaged.
The freezing wraith barely misses you.
The freezing wraith hits you but does no damage.
You hit the freezing wraith.
The freezing wraith is severely damaged.
The freezing wraith hits you but does no damage. x2
You hit the freezing wraith.
Your tail-slap misses the freezing wraith.
The freezing wraith is severely damaged.
The freezing wraith hits you but does no damage.
The freezing wraith hits you. The freezing wraith drains your vigour!
You feel yourself slow down.
You hit the freezing wraith.
The freezing wraith is almost destroyed.
The freezing wraith hits you. The freezing wraith freezes you!!
* * * LOW HITPOINT WARNING * * *
The freezing wraith hits you.
* * * LOW HITPOINT WARNING * * *
The freezing wraith drains your vigour!
You feel as though you will be slow longer.
Aiming: Corrosive Bolt
Press: ? - help, Shift-Dir - straight line, f - shadow
Aim: a shadow (slightly transparent, haloed, 81% to hit)
The bolt of acid hits the freezing wraith.
The acid corrodes the freezing wraith!
The freezing wraith is almost destroyed.
The bolt of acid hits the shadow!
The acid corrodes the shadow!
The shadow is heavily damaged.
The freezing wraith hits you!
* * * LOW HITPOINT WARNING * * *
The freezing wraith freezes you!!
You die...

####.#.#.# #........
#..#.....# #........
##..'...?8# #........
#...'...!.# ###.......
#...W...$8###.........
#...#WW...#...........
#..##.#.#.#...........
##.###########........
#.WW@.......##.......
######.............##
###.............#
##.........#......
#........#.###....
#........#####)...
####......##..)...
#..........##'#
##...).....#~..


You could see a freezing wraith (corroded) and a shadow (invisible, corroded).

Vanquished Creatures
  The ghost of Wiggles the Severer, a journeyman MiBe of Trog (D:10)
  4 two-headed ogres
  A komodo dragon (D:9)
  A freezing wraith (D:10)
  2 trolls (D:9)
  A merfolk (D:10)
  Prince Ribbit (D:7)
  2 hornets
  3 wraiths (D:10)
  A wyvern (D:9)
  4 yaks (D:10)
  2 steam dragons
  Menkaure (D:7)
  An acid dragon (D:9)
  2 water moccasins
  10 orc warriors
  Pargi (D:4)
  4 ice beasts
  3 sky beasts
  6 ogres
  7 centaurs
  A phantom (D:6)
  A kobold brigand (D:6)
  4 bullfrogs
  4 scorpions
  5 wights
  14 killer bees
  4 howler monkeys
  2 electric eels (D:8)
  A jelly (D:5)
  8 orc priests
  2 hounds (D:6)
  2 gnoll boudas
  4 sleepcaps
  3 iguanas
  18 orc wizards
  A mummy (D:6)
  17 gnolls
  9 adders
  2 white imps
  5 worms
  28 orcs
  3 endoplasms
  10 giant cockroaches
  4 goblins
  3 hobgoblins
  4 jackals (D:5)
  11 kobolds
  10 quokkas
  4 ball pythons
  2 bats
  8 frilled lizards
  A kobold zombie (D:7)
  20 rats
273 creatures vanquished.

Vanquished Creatures (others)
  A human (D:3)
1 creature vanquished.

Grand Total: 274 creatures vanquished

Notes
Turn   | Place    | Note
-------+----------+-------------------------------------------
     0 | D:1      | Inchmeat the Armataur Gladiator began the quest for the
                  | Orb.
     0 | D:1      | Reached XP level 1. HP: 18/18 MP: 1/1
    24 | D:1      | Reached skill level 2 in Fighting
    24 | D:1      | Reached XP level 2. HP: 21/26 MP: 2/2
   194 | D:1      | Found Asowk's Jewellery Shop.
   542 | D:1      | Reached skill level 3 in Fighting
  1081 | D:2      | Reached XP level 3. HP: 33/33 MP: 3/3
  1184 | D:2      | Found Potomid's Weapon Shop.
  2293 | D:2      | Reached XP level 4. HP: 41/42 MP: 4/4
  2296 | D:2      | Reached skill level 4 in Fighting
  2700 | D:3      | Found an ancient bone altar of Kikubaaqudgha.
  2704 | D:3      | Noticed a human
  2705 | D:3      | Killed a human
  3060 | D:4      | You fall into a shaft and drop 3 floors!
  3079 | D:6      | Identified the +5 quarterstaff of the Mauling Salmon
                  | {freeze, Str+2 Int+4}
  3099 | D:6      | Noticed a bullfrog
  3103 | D:6      | Killed a bullfrog
  3104 | D:6      | Reached skill level 5 in Fighting
  3104 | D:6      | Reached XP level 5. HP: 50/51 MP: 5/5
  3226 | D:6      | Noticed a water moccasin
  3255 | D:6      | Found a glowing drain.
  3277 | Sewer    | Entered a sewer
  3365 | Sewer    | Noticed a water moccasin
  3370 | Sewer    | Killed a water moccasin
  3371 | Sewer    | Reached skill level 6 in Fighting
  3371 | Sewer    | Reached XP level 6. HP: 49/60 MP: 6/6
  3535 | D:6      | Reached skill level 7 in Fighting
  3535 | D:6      | Reached XP level 7. HP: 47/70 MP: 7/7
  3674 | D:6      | Reached skill level 8 in Fighting
  3715 | D:6      | Reached XP level 8. HP: 67/82 MP: 8/8
  3783 | D:5      | Entered Level 5 of the Dungeon
  3808 | D:5      | Reached skill level 9 in Fighting
  4095 | D:5      | Found a staircase to the Ecumenical Temple.
  4459 | D:5      | Reached skill level 10 in Fighting
  4987 | Temple   | Entered the Ecumenical Temple
  5266 | D:4      | Found Baxtewy's Self-Improvement Boutique.
  5416 | D:4      | Noticed Pargi
  5424 | D:4      | Killed Pargi
  5698 | D:4      | Found a shadowy altar of Dithmenos.
  6151 | D:6      | Found a burning altar of Makhleb.
  6157 | D:6      | Found a glowing silver altar of Zin.
  6157 | D:6      | Noticed an angel
  6157 | D:6      | Noticed an Executioner
  6405 | D:6      | Reached skill level 11 in Fighting
  6405 | D:6      | Reached XP level 9. HP: 89/95 MP: 9/9
  7153 | D:6      | Reached skill level 12 in Fighting
  7579 | D:6      | HP: 7/144 [killer bee (2)]
  7836 | D:7      | Found a runed translucent door.
  7840 | D:7      | Found a basalt altar of Yredelemnul.
  7972 | D:7      | Noticed Prince Ribbit
  7981 | D:7      | Killed Prince Ribbit
  8074 | D:7      | Identified the +3 ring mail of the Stone Wall {Slay+2}
  8132 | D:7      | Reached skill level 13 in Fighting
  8197 | D:7      | Found Peusturu's Book Shoppe.
  8234 | D:7      | Noticed Menkaure
  8239 | D:7      | Killed Menkaure
  8404 | D:7      | Found Paucseff's Antique Weapon Emporium.
  8421 | D:7      | Reached XP level 10. HP: 100/108 MP: 10/10
  8697 | D:8      | Found a shimmering altar of Xom.
  8817 | D:8      | Found a blossoming altar of Fedhas.
  9023 | D:8      | Found a glowing golden altar of the Shining One.
  9033 | D:8      | Became a worshipper of the Shining One
  9140 | D:8      | Found a large runed translucent door.
  9141 | D:8      | Found a large runed translucent door.
  9275 | D:8      | Found a stormy altar of Qazlal.
  9468 | D:8      | Found an ornate altar of the Wu Jian Council.
  9608 | D:8      | Found an iron altar of Okawaru.
  9614 | D:8      | Found an opulent altar of Gozag.
  9623 | D:8      | Reached skill level 1 in Invocations
  9684 | D:9      | Reached skill level 14 in Fighting
  9915 | D:9      | Noticed a two-headed ogre
  9925 | D:9      | Killed a two-headed ogre
 10015 | D:9      | Reached skill level 5 in Invocations
 10061 | D:9      | Reached * piety under the Shining One
 10068 | D:9      | Paralysed by a hornet for 2 turns
 10114 | D:9      | Found a staircase to the Lair.
 10299 | D:9      | Reached skill level 1 in Maces & Flails
 10736 | D:10     | Entered Level 10 of the Dungeon
 10736 | D:10     | Noticed a two-headed ogre
 10741 | D:10     | Killed a two-headed ogre
 10742 | D:10     | Reached XP level 11. HP: 60/117 MP: 16/16
 10887 | D:10     | Noticed a two-headed ogre
 10893 | D:10     | Killed a two-headed ogre
 11180 | D:10     | Reached skill level 5 in Maces & Flails
 11210 | D:10     | Found a runed translucent gate.
 11210 | D:10     | Found a runed translucent gate.
 11211 | D:10     | Found a runed translucent gate.
 11212 | D:10     | Noticed Wiggles's ghost (journeyman MiBe)
 11284 | D:10     | Found a white marble altar of Elyvilon.
 11292 | D:10     | Noticed a two-headed ogre
 11296 | D:10     | Killed a two-headed ogre
 11659 | D:10     | Reached ** piety under the Shining One
 11741 | D:10     | Found a broken altar of Ashenzari.
 11778 | D:10     | Found a hazy altar of Hepliaklqana.
 11971 | D:10     | Found a staircase to the Orcish Mines.
 12062 | D:10     | Killed Wiggles's ghost
 12073 | D:10     | Slain by a freezing wraith

Illustrated notes

Levels and vault maps discovered:
D:1:      dpeg_arrival_houses_and_road, layout_loops_ring, serial_shops,
          nicolae_diamond_shop
D:2:      layout_basic, serial_shops, shop_fountains, minmay_rat_hole
D:3:      layout_loops_cross, tgw_kikubaaqudgha
D:4:      layout_loops_corners, marbit_many_paths, nicolae_shop_self_help,
          uniq_pargi
D:5:      layout_layer_cave, temple_pool_b
D:6:      kennysheep_windowed_halls, layout_loops_ring,
          grunt_temple_overflow_order_and_chaos_2, gup_ossuary_entry_pyramid,
          portal_sewer_entry_f, minivault_5
D:7:      layout_cave_pools, dk_yredelemnul_ordeal, serial_shops,
          nicolae_shop_hallway_stairs, shop, minmay_misc_feat_roman,
          uniq_menkaure, uniq_prince_ribbit1
D:8:      layout_basic, jmf_multi_god_temple2,
          mainiacjoe_overflow_cross_hatched, nzn_wu_jian_council_hall,
          fedhas_altar_1, nicolae_qazlal_eye_of_the_storm,
          mainiacjoe_overflow_boulevard, nicolae_water_bricks,
          hangedman_glass_teeth
D:9:      layout_loops_ring, lair_entry_dummy
D:10:     layout_cave_pools, elyvilon_altar_3, mainiacjoe_overflow_two_lobes,
          david_orc_4, gammafunk_ghost_spectres, st_stairs_13,
          serial_bayou_pond_a, hangedman_fish_farm
D:11:     layout_layer_cave
Temple:   hellmonk_temple_beads

Skill      XL: |  1  2  3  4  5  6  7  8  9 10 11 |
---------------+----------------------------------+-----
Fighting       | 2 3 5 6 7 8 11 13 14 | 14.0
Invocations    | 6 |  6.7
Maces & Flails | 2 7 |  7.8
Long Blades    | |  2.6
Throwing       | |  1.7
Dodging        | |  2.1

Action                     |  1- 3 |  4- 6 |  7- 9 | 10-12 || total
---------------------------+-------+-------+-------+-------++-------
  Melee: Long sword        |   110 |    49 |       |       ||   159
         Tailslap          |    11 |     7 |    31 |    41 ||    90
         Punch             |     3 |     1 |       |       ||     4
         Quarterstaff      |       |    63 |   260 |   119 ||   442
         Dire flail        |       |       |       |   122 ||   122
  Throw: Throwing net      |       |       |     3 |     1 ||     4
  Evoke: Wand              |       |       |     3 |    10 ||    13
    Use: Potion            |       |       |    12 |     1 ||    13
         Scroll            |       |       |     9 |     4 ||    13
 Armour: Leather armour    |    40 |    49 |   116 |       ||   205
         Skin              |       |       |    88 |       ||    88
         Ring mail         |       |       |    10 |   152 ||   162
  Dodge: Dodged            |    43 |    47 |   189 |   133 ||   412
